AoeStats
← ztrox.

Arena

504369545Analyzed
4v4 RM · 27d ago on Sep 5, 2026· 36m 3s· 8 players
Game mode
Random Map
Map size
Large (8 player)
Population
200
Speed
Normal
Resources
Standard
Victory
Conquest
Starting age
Dark Age
Ending age
Imperial Age
RankedLock teamsTeams togetherTeam positionsShared explorationLock speedFull tech treeHidden civsTurbo modeCheats
Victory
Defeat
🇨🇴 Franks · Colombia
1105
+14
🇧🇷 Poles · Brazil
1090
+14
🇨🇴 Wei · Colombia
1067
+15
🇨🇴 Vietnamese · Colombia
1059
+17
🇧🇴 Persians · Bolivia
1086
-16
🇦🇷 Spanish · Argentina
1082
-16
🇦🇷 Slavs · Argentina
1054
-15
🇦🇷 Vikings · Argentina
999
-13
Pepim14
11:23 Feudal Age
9:39 Loom
16:03 Castle Age
13:58 Stone Mining
14:12 Double-Bit Axe
16:18 Horse Collar
18:29 Bow Saw
18:28 Heavy Plow
20:16 Wheelbarrow
20:59 Detinets
22:10 Gold Mining
26:22 Hand Cart
30:36 Imperial Age
29:39 Gold Shaft Mining
32:19 Crop Rotation
31:45 Pikeman
32:25 Squires
33:35 Two-Man Saw
juan_i87
10:00 Feudal Age
10:48 Loom
14:52 Castle Age
13:03 Double-Bit Axe
14:19 Stone Mining
14:53 Horse Collar
22:43 Town Watch
23:45 Fletching
23:56 Pikeman
28:12 Wheelbarrow
33:48 Scale Mail Armor
PuraTripa
11:09 Feudal Age
10:26 Loom
13:08 Double-Bit Axe
13:05 Horse Collar
16:47 Castle Age
16:40 Fletching
16:50 Padded Archer Armor
17:11 Crossbowman
18:44 Bow Saw
20:46 Bodkin Arrow
23:17 Ballistics
24:34 Ballistics
25:20 Gold Mining
25:22 Stone Mining
25:34 Heavy Plow
25:53 Leather Archer Armor
26:52 Treadmill Crane
27:18 Man-at-Arms
32:06 Imperial Age
32:38 Fortified Wall
32:35 Scale Mail Armor
32:45 Forging
32:45 Caravan
33:55 Chemistry
33:05 Siege Engineers
32:34 Pikeman
33:27 Squires
33:15 Arson
34:46 Conscription
35:10 Chieftains
ztrox.
6:52 Loom
7:27 Loom
9:59 Feudal Age
11:09 Loom
rNy-
10:48 Feudal Age
11:58 Double-Bit Axe
12:05 Horse Collar
17:49 Castle Age
16:58 Stone Mining
17:57 Loom
18:48 Heavy Plow
19:01 Bow Saw
19:11 Fletching
21:06 Stone Shaft Mining
22:38 Wheelbarrow
25:02 Szlachta Privileges
27:03 Bloodlines
26:54 Husbandry
27:49 Hand Cart
30:28 Imperial Age
30:20 Forging
30:15 Scale Barding Armor
31:17 Gold Mining
32:25 Crop Rotation
31:29 Cavalier
32:48 Iron Casting
32:45 Chain Barding Armor
35:01 Gold Mining
37:32 Blast Furnace
Moraletti
10:46 Feudal Age
11:55 Loom
14:36 Castle Age
13:13 Double-Bit Axe
13:19 Horse Collar
22:55 Bow Saw
24:24 Bloodlines
24:49 Scale Barding Armor
26:05 Chain Barding Armor
26:46 Stone Mining
26:48 Gold Mining
27:01 Heavy Plow
31:28 Imperial Age
30:08 Wheelbarrow
30:16 Forging
30:12 Husbandry
31:42 Iron Casting
31:54 Hand Cart
32:57 Crop Rotation
33:05 Stone Shaft Mining
33:09 Gold Shaft Mining
32:02 Heavy Hei Guang Cavalry
36:17 Blast Furnace
heymaralejandro30
11:16 Feudal Age
9:31 Loom
16:07 Castle Age
14:27 Double-Bit Axe
21:57 Fervor
22:27 Town Watch
23:43 Wheelbarrow
25:35 Sanctity
27:27 Fletching
31:12 Imperial Age
29:13 Bodkin Arrow
31:23 Capped Ram
32:32 Conscription
34:07 Elite Throwing Axeman
35:28 Forging
35:19 Scale Mail Armor
jairohs17
11:06 Feudal Age
12:07 Double-Bit Axe
15:14 Castle Age
13:40 Horse Collar
16:02 Wheelbarrow
17:48 Bow Saw
17:51 Heavy Plow
18:48 Loom
21:56 Fletching
22:52 Gold Mining
23:26 Bodkin Arrow
24:51 Ballistics
25:25 Hand Cart
28:49 Imperial Age
26:49 Stone Mining
27:22 Padded Archer Armor
28:23 Leather Archer Armor
29:31 Bracer
30:35 Chemistry
30:55 Treadmill Crane
31:21 Siege Engineers
31:41 Elite Rattan Archer
34:56 Town Watch
35:42 Chatras
36:05 Paper Money
35:59 Scale Barding Armor
36:05 Forging
37:09 Two-Man Saw
36:41 Crop Rotation
36:48 Stone Shaft Mining
36:22 Murder Holes
37:01 Ring Archer Armor
Connection lost

Rejoining the realm…

Still unreachable

The connection could not be restored.

Session expired

The server has moved on; the page needs a fresh start.